 Dungeon Crawl Stone Soup version 0.30-a0-748-ge6a52f7cba (webtiles) character file.

Game seed: 4355253509852943595

3475 Newt the Skirmisher (level 10, -5/59 HPs)
             Began as a Kobold Hunter on Feb 8, 2023.
             Was an Initiate of Hepliaklqana.
             Slain by a cyclops (34 damage)
             ... on level 9 of the Dungeon.
             The game lasted 00:09:46 (8028 turns).

Newt the Skirmisher (Kobold Hunter)                 Turns: 8028, Time: 00:09:46

Health: -5/59      AC:  9    Str: 10    XL:     10   Next: 27%
Magic:  18/18      EV: 24    Int: 12    God:    Hepliaklqana [......]
Gold:   437        SH:  0    Dex: 27    Spells: 20/20 levels left

rFire   + . .      SeeInvis +    a - +3 shortbow
rCold   . . .      Faith    .    (shield currently unavailable)
rNeg    . . .      Spirit   .    D - +3 leather armour of Time Monsters {Will+ Int+2 Dex+3 Stlth-}
rPois   .          Reflect  .    C - +2 helmet of Filth {rElec rF+ Str-4 SInv}
rElec   +          Harm     +    M - scarf {harm}
rCorr   .          Rampage  .    (no gloves)
Will    +....                    (no boots)
Stlth   ++                       I - amulet of the acrobat
HPRegen 0.29/turn                e - +6 ring of strength
MPRegen 0.16/turn                (no ring)

@: no status effects
A: small, no large weapons, nightstalker 3
a: Renounce Religion


You were on level 9 of the Dungeon.
You worshipped Hepliaklqana.
Hepliaklqana was noncommittal.
You visited 2 branches of the dungeon, and saw 10 of its levels.

You collected 1388 gold pieces.
You spent 951 gold pieces at shops.

Inventory:

Hand Weapons
 a - a +3 shortbow (weapon)
Missiles
 y - 2 throwing nets
 K - 3 boomerangs of dispersal
 N - 6 silver boomerangs
Armour
 c - a +0 leather armour
 p - a +4 scale mail
 q - a +2 helmet
 r - a +0 buckler
 C - the +2 helmet of Filth (worn) {rElec rF+ Str-4 SInv}
   (You bought it in a shop on level 5 of the Dungeon)

   Str:       It affects your strength (-4).
   rF:        It protects you from fire.
   rElec:     It insulates you from electricity.
   SInv:      It lets you see invisible.
 D - the +3 leather armour of Time Monsters (worn) {Will+ Int+2 Dex+3 Stlth-}
   (You bought it in a shop on level 5 of the Dungeon)

   Int:       It affects your intelligence (+2).
   Dex:       It affects your dexterity (+3).
   Will:      It increases your willpower.
   Stlth:     It makes you less stealthy.
 H - +0 acid dragon scales
 M - a scarf of harm (worn)
Jewellery
 e - a +6 ring of strength (left hand)
 I - an amulet of the acrobat (around neck)
Wands
 l - a wand of roots (5)
 v - a wand of polymorph (17)
 G - a wand of light (7)
 L - a wand of flame (13)
Scrolls
 b - 2 scrolls of immolation
 g - 3 scrolls of noise
 h - a scroll of fog
 k - a scroll of magic mapping
 m - 3 scrolls of amnesia
 w - 2 scrolls of enchant armour
 A - a scroll of fear
 J - a scroll of identify
Potions
 d - 2 potions of cancellation
 f - 2 potions of resistance
 i - a potion of invisibility
 j - a potion of curing
 n - 2 potions of lignification
 o - a potion of might
 s - a potion of haste
 t - 2 potions of attraction
 u - a potion of heal wounds
 x - 2 potions of flight {unknown}
 z - 2 potions of magic {unknown}
 B - 2 potions of brilliance
 E - a potion of mutation {unknown}
 F - a potion of degeneration {unknown}


   Skills:
 - Level 5.0 Fighting
 - Level 10.0 Ranged Weapons
 - Level 10.0 Dodging
 - Level 1.3 Stealth
 + Level 5.9 Spellcasting
 + Level 5.9 Transmutations


You had 20 spell levels left.
You didn't know any spells.
Your spell library contained the following spells:

 Spells                   Type           Power      Damage    Failure   Level
 Beastly Appendage        Tmut           34%        N/A       2%          1
 Wereblood                Tmut           17%        N/A       3%          2
 Spider Form              Tmut/Pois      10%        N/A       22%         3
 Freeze                   Ice            12%        1d3       26%         1
 Cigotuvi's Dreadful Rot  Necr/Pois/Air  6%         N/A       36%         2
 Frozen Ramparts          Ice            6%         1d1       58%         3
 Hailstorm                Conj/Ice       3%         3d3       58%         3
 Anguish                  Hex/Necr       1%         N/A       94%         4
 Dispel Undead            Necr           3%         3d7       94%         4
 Fireball                 Conj/Fire      1%         3d3       100%        5
 Iskenderun's Battlesphe  Conj           3%         2d6       100%        5
 Conjure Ball Lightning   Conj/Air       1%         3x3d6     100%        6
 Death Channel            Necr           1%         N/A       100%        6
 Enfeeble                 Hex            1%         N/A       100%        7
 Orb of Destruction       Conj           1%         9d5       100%        7


Dungeon Overview and Level Annotations

Branches:
Dungeon (9/15)             Temple (1/1) D:7
   Lair: D:8-11         Orc: D:9-12

Altars:
Cheibriados
Dithmenos
Fedhas
Gozag
Hepliaklqana
Kikubaaqudgha
Makhleb
Nemelex Xobeh
Okawaru
Qazlal
Ru
Sif Muna
Trog
Uskayaw
Vehumet
Wu Jian
Xom
Yredelemnul
The Shining One

Shops:
D:5 !?:[(


Innate Abilities, Weirdness & Mutations

You are small and have problems with some larger weapons.
You are completely attuned to the shadows.


Message History

You hear a shout!
The cyclops throws a large rock.
The large rock hits you!
You shoot an arrow. The arrow hits the cyclops.
The cyclops is moderately wounded.
An orc warrior comes into view. It is wielding a +0 flail.
You shoot an arrow. The arrow hits the orc!!
You kill the orc!
You shoot an arrow. The arrow hits the cyclops.
The cyclops is heavily wounded.
The cyclops completely misses you.
You shoot an arrow. The arrow hits the cyclops!
The cyclops is severely wounded.
A troll comes into view.
You shoot an arrow.
The arrow hits the cyclops but does no damage.
The cyclops is severely wounded.
The cyclops misses you.
An orc comes into view. It is wielding a +0 club.
An orc comes into view. It is wielding a +0 flail.
You shoot an arrow.
The arrow completely misses the cyclops.
The arrow hits the orc wizard.
The orc wizard is moderately wounded.
The cyclops misses you.
You shoot an arrow.
The arrow hits the cyclops but does no damage.
The cyclops is severely wounded.
The orc closely misses you. The orc warrior completely misses you.
The cyclops misses you.
You shoot an arrow. The arrow hits the cyclops.
The cyclops is severely wounded.
The orc barely misses you. The orc warrior misses you.
You shoot an arrow.
The arrow hits the cyclops but does no damage.
The cyclops is severely wounded.
The orc completely misses you.
The orc warrior hits you with a +0 flail.
The cyclops hits you!!
Ouch! That really hurt!
You die...

....... .....
#.oo. ##.#C#
#..#@# . #oo#..
##....# #. #..
#..#.##
##.##.###..#.#
......##.....#
........#.....#
.................
#.................


You could see a cyclops, an orc warrior, an orc wizard and 2 orcs.

Vanquished Creatures
  Maggie (D:7)
  Prince Ribbit (D:8)
  A wraith (D:9)
  A shadow (D:8)
  A wyvern (D:9)
  A water moccasin (D:6)
  A black bear (D:4)
  3 ogres
  A centaur (D:5)
  A bullfrog (D:6)
  A necrophage (D:7)
  4 scorpions
  5 wights (D:7)
  4 killer bees
  3 howler monkeys (D:7)
  A crimson imp (D:7)
  3 jellies
  2 quasits (D:6)
  5 orc priests
  A gnoll bouda (D:6)
  7 hounds
  5 orc wizards
  Ijyb (D:3)
  2 iguanas
  A mummy (D:5)
  7 gnolls
  8 adders
  5 shadow imps
  4 white imps
  4 ufetubi (D:6)
  2 worms
  3 dart slugs
  26 orcs
  8 bats
  4 endoplasms
  3 giant cockroaches
  4 goblins
  5 hobgoblins
  3 kobolds
  2 quokkas
  2 ball pythons
  2 frilled lizards
  9 rats
158 creatures vanquished.

Notes
Turn   | Place    | Note
-------+----------+-------------------------------------------
     0 | D:1      | Newt the Kobold Hunter began the quest for the Orb.
     0 | D:1      | Reached XP level 1. HP: 12/12 MP: 1/1
    76 | D:1      | Reached XP level 2. HP: 6/18 MP: 2/2
   535 | D:1      | Found a faded altar of an unknown god.
   811 | D:2      | Reached XP level 3. HP: 23/23 MP: 3/3
  1625 | D:3      | Reached XP level 4. HP: 16/30 MP: 4/4
  1796 | D:3      | Noticed Ijyb
  1810 | D:3      | Killed Ijyb
  1811 | D:3      | Reached skill level 5 in Fighting
  1942 | D:3      | Found an ornate altar of the Wu Jian Council.
  2001 | D:3      | Reached XP level 5. HP: 24/35 MP: 5/5
  2500 | D:3      | Reached XP level 6. HP: 17/40 MP: 6/6
  2838 | D:4      | Noticed a black bear
  2845 | D:4      | Killed a black bear
  2846 | D:4      | Reached XP level 7. HP: 37/44 MP: 7/7
  3530 | D:5      | Entered Level 5 of the Dungeon
  3619 | D:5      | Found a radiant altar of Vehumet.
  3666 | D:5      | Reached skill level 10 in Ranged Weapons
  3678 | D:5      | Reached XP level 8. HP: 23/49 MP: 8/8
  4036 | D:5      | Reached skill level 5 in Dodging
  4055 | D:5      | Identified a scroll of acquirement
  4055 | D:5      | Acquired 833 gold pieces
  4295 | D:5      | Found Qezib's Magic Scroll Shop.
  4295 | D:5      | Found Puliw's Distillery.
  4297 | D:5      | Found Petentoe's Book Boutique.
  4297 | D:5      | Found Muikh's Weapon Shoppe.
  4299 | D:5      | Found Eshixuz's Weapon Shop.
  4300 | D:5      | Bought a scroll of identify for 24 gold pieces
  4300 | D:5      | Bought a scroll of enchant weapon for 90 gold pieces
  4300 | D:5      | Bought a scroll of identify for 24 gold pieces
  4304 | D:5      | Found Xoubro's Armour Emporium.
  4524 | D:5      | Bought a potion of brilliance for 44 gold pieces
  4528 | D:5      | Bought the +2 helmet of Filth {rElec rF+ Str-4 SInv} for
                  | 344 gold pieces
  4528 | D:5      | Bought the +3 leather armour of Time Monsters {Will+ Int+2
                  | Dex+3 Stlth-} for 425 gold pieces
  4669 | D:5      | Found a snail-covered altar of Cheibriados.
  4871 | D:6      | Found a shadowy altar of Dithmenos.
  5207 | D:6      | Reached XP level 9. HP: 54/54 MP: 9/9
  5468 | D:6      | Reached skill level 10 in Dodging
  5687 | D:7      | Found a staircase to the Ecumenical Temple.
  5792 | D:7      | Reached skill level 1 in Spellcasting
  5792 | D:7      | Reached skill level 1 in Transmutations
  6121 | D:7      | Noticed Maggie
  6161 | D:7      | Killed Maggie
  6301 | Temple   | Entered the Ecumenical Temple
  6386 | Temple   | Became a worshipper of Hepliaklqana the Forgotten
  6824 | D:8      | Noticed Prince Ribbit
  6829 | D:8      | Killed Prince Ribbit
  6830 | D:8      | Reached XP level 10. HP: 48/59 MP: 16/16
  7057 | D:8      | Reached skill level 5 in Spellcasting
  7057 | D:8      | Reached skill level 5 in Transmutations
  7529 | D:9      | Noticed a freezing wraith
  8013 | D:9      | Noticed a cyclops
  8028 | D:9      | Slain by a cyclops

Illustrated notes

Levels and vault maps discovered:
D:1:      dpeg_arrival_rooms_a, layout_rooms,
          shapermc_ecumenical_altar_flowoftime
D:2:      layout_loops_ring, kennysheep_generic_room_6
D:3:      layout_basic, mainiacjoe_overflow_alcove_4, kennysheep_boxes,
          uniq_ijyb
D:4:      layout_cave_pools, minivault_25, st_stairs_14
D:5:      layout_cave_pools, slow_altar_2, nicolae_vehumet_altar_sigil,
          minmay_misc_feat_ornament, nicolae_wooded_promenade
D:6:      layout_rooms, nicolae_dithmenos_the_darkroom, serial_demonic,
          serial_demonic_e, serial_demonic_e, serial_demonic_g,
          serial_demonic_e, serial_demonic_d, serial_demonic_c,
          serial_demonic_a, serial_demonic_b, grunt_decor_arrowhead,
          dreamdust_princess_corridor, corexii_checkpoint_a
D:7:      layout_loops_ring, minmay_temple_entry_water_ring,
          minmay_fire_ice_demons, uniq_maggie
D:8:      layout_rooms, uniq_prince_ribbit1
D:9:      layout_rooms, zin_treasury, minmay_microvault
Temple:   nicolae_temple_bog_church

Skill      XL: |  1  2  3  4  5  6  7  8  9 10 |
---------------+-------------------------------+-----
Fighting       | 3 4 5 |  5.0
Ranged Weapons | 6 7 8 10 | 10.0
Dodging        | 4 8 10 | 10.0
Spellcasting   | 4 5 |  5.9
Transmutations | 4 5 |  5.9
Stealth        | |  1.3

Action                     |  1- 3 |  4- 6 |  7- 9 | 10-12 || total
---------------------------+-------+-------+-------+-------++-------
  Melee: Shortbow          |       |     2 |       |       ||     2
         Unarmed           |       |       |     7 |       ||     7
   Fire: Shortbow          |    96 |   116 |   293 |    73 ||   578
  Throw: Boomerang         |       |       |       |     3 ||     3
    Use: Scroll            |     8 |       |    12 |     4 ||    24
         Potion            |     3 |     2 |     2 |       ||     7
 Armour: Leather armour    |     7 |       |    45 |     7 ||    59
         Scale mail        |     9 |    81 |    20 |       ||   110
  Dodge: Dodged            |    45 |    64 |   202 |    79 ||   390

Table legend: (Time is in decaauts)
 A = Elapsed time spent in this place.
 B = Non-inter-level travel time spent in this place.
 C = Inter-level travel time spent in this place.
 D = Time resting spent in this place.
 E = Time spent auto-exploring this place.
 F = Levels seen in this place.
 G = Mean time per level.
                   A        B        C        D        E       F      G
               +--------+--------+--------+--------+--------+-----+--------+
         Total |   8148 |   7720 |    428 |   1902 |   4671 |  10 |  814.8 |
       Dungeon |   8044 |   7652 |    392 |   1902 |   4615 |   9 |  893.8 |
        Temple |    103 |     68 |     35 |      0 |     56 |   1 |  103.0 |
               +--------+--------+--------+--------+--------+-----+--------+

Top non-repeatable levels by time:
     D:5: 1309 daAuts
     D:7: 1280 daAuts
     D:3: 1259 daAuts
     D:8: 941 daAuts
     D:4: 865 daAuts
     D:6: 831 daAuts
     D:2: 798 daAuts
     D:1: 692 daAuts
  Temple: 103 daAuts
     D:9: 66 daAuts
